 Dungeon Crawl Stone Soup version 0.17-a0-1651-gae1a69f (webtiles) character file.

1351 gp7 the Shield-Bearer (level 8, -18/70 HPs)
             Began as a Hill Orc Fighter on Aug 14, 2015.
             Was an Initiate of Beogh.
             Engulfed by a cloud of flame (22 damage)
             ... on level 6 of the Dungeon.
             The game lasted 00:49:58 (5857 turns).

gp7 the Shield-Bearer (Hill Orc Fighter)            Turns: 5857, Time: 00:49:59

Health: -18/70     AC: 11    Str: 21    XL:     8   Next: 63%
Magic:  8/8        EV:  9    Int:  8    God:    Beogh [......]
Gold:   238        SH: 11    Dex: 10    Spells: 0 memorised, 7 levels left

rFire  . . .     SeeInvis .     a - +0 war axe
rCold  + . .     Clarity  .     b - +1 scale mail
rNeg   . . .     SustAt   .     c - +1 shield
rPois  +         Gourm    .     (no helmet)
rElec  .         Spirit   .     L - +0 cloak {rPois}
rCorr  +         Warding  .     g - +0 pair of gloves
rMut   .         Stasis   .     (no boots)
MR     .....                    y - amulet of resist corrosion
Stlth  ..........               (no ring)
                                f - ring of ice

@: not resistant to hostile enchantments, extremely unstealthy
A: fire resistance 1
a: Renounce Religion


You were on level 6 of the Dungeon.
You worshipped Beogh.
Beogh was noncommittal.
You were not hungry.

You visited 2 branches of the dungeon, and saw 7 of its levels.

You collected 310 gold pieces.
You spent 72 gold pieces at shops.

Inventory:

Hand weapons
 a - a +0 war axe (weapon)
 d - a +0 halberd
 n - a +0 short sword
 x - a +0 blowgun
 C - a +0 club
 K - a +3 quarterstaff of chaos
Missiles
 h - 6 javelins (quivered)
 j - 23 poisoned needles
 m - 92 bolts
 o - 8 silver bolts
 u - 4 steel tomahawks
 w - 3 curare-tipped needles
Armour
 b - a +1 scale mail (worn)
 c - a +1 shield (worn)
 g - a +0 pair of gloves (worn)
 q - a +0 scale mail
 s - a +0 pair of gloves
 F - a +0 chain mail
 L - a +0 cloak of poison resistance (worn)
Rods
 I - a +0 rod of the swarm (13/13)
   (You found it on level 5 of the Dungeon)
Jewellery
 f - a ring of ice (left hand)
 y - an amulet of resist corrosion (around neck)
Scrolls
 r - 3 scrolls of enchant weapon
 t - 6 scrolls of identify
 v - 2 scrolls of remove curse
 G - a scroll of fog
Potions
 i - 2 potions of flight
 z - a potion of brilliance
 A - a potion of magic
 D - a potion of agility
 E - 2 potions of curing
 J - 2 potions of mutation {unknown}
Comestibles
 e - 3 bread rations
 k - a slice of pizza
 l - 2 meat rations
 p - 2 beef jerkies
 B - 7 fruits


   Skills:
 + Level 6.0 Fighting
 + Level 6.2 Axes
 + Level 2.0 Throwing
 + Level 5.9 Armour
 + Level 3.1 Dodging
 + Level 0.5 Stealth
 + Level 6.4 Shields


You had 7 spell levels left.
You didn't know any spells.

Dungeon Overview and Level Annotations

Branches:
Dungeon (6/15)             Temple (1/1) D:4

Altars:
Cheibriados
Dithmenos
Elyvilon
Fedhas
Kikubaaqudgha
Makhleb
Nemelex Xobeh
Okawaru
Qazlal
Ru
Trog
Vehumet
Xom
Yredelemnul
Zin
The Shining One

Shops:
D:5 *:=!


Innate Abilities, Weirdness & Mutations

Your flesh is heat resistant.


Message History

You kill the orc warrior!
Beogh accepts your kill.
As you read the scroll of immolation, it crumbles to dust.
The creatures around you are filled with an inner flame!
The orc closely misses you.
The orc priest invokes the aid of Beogh against you.
Something smites you!
* * * LOW HITPOINT WARNING * * *
You feel better. The orc barely misses you.
You slash the orc!
The orc explodes!
The fiery explosion engulfs you!
* * * LOW HITPOINT WARNING * * *
The fiery explosion engulfs the orc.
The orc explodes!
The fiery explosion engulfs the orc priest.
The orc priest is moderately wounded.
Beogh accepts your kill. x2
You are engulfed in roaring flames.
You die...

####.#########
......>......#
####.#.#####. #
#.#.# # #.#.#
####.#.#####
...........#
####.......#
######.###
####.......#
#.@§§o....
...........#
#[####.###
###........# #.#
# #...)....# #.#
# #.######## #.#
###.# ####.#
....# #....#
############.#..#
#.)..........#..#


You could see an orc priest (inner flame).

Vanquished Creatures
  Eustachio (D:5)
  Menkaure (D:5)
  A sky beast (D:4)
  An orc warrior (D:6)
  2 phantoms (D:4)
  A centaur (D:5)
  A giant frog (D:4)
  A wyvern skeleton (D:6)
  3 crimson imps
  A centaur zombie (D:5)
  A giant frog zombie (D:4)
  An orc priest (D:6)
  A hound (D:4)
  An iguana (D:5)
  Crazy Yiuf (D:5)
  2 worker ants (D:5)
  A centaur skeleton (D:4)
  A hound skeleton (D:5)
  3 gnolls (D:3)
  A shadow imp (D:6)
  3 adders
  2 oozes
  An adder skeleton (D:5)
  2 worms
  3 giant geckos
  6 orcs
  A giant cockroach (D:4)
  2 goblins (D:2)
  9 hobgoblins
  7 jackals (D:1)
  16 kobolds
  3 ball pythons
  5 bats
  4 giant newts
  A jackal skeleton (D:3)
  2 quokkas
  A quokka zombie (D:4)
  4 rats
  A rat zombie (D:4)
99 creatures vanquished.

Vanquished Creatures (others)
  An orc priest (D:5)
  A scorpion (D:5)
  A centaur skeleton (D:5)
  An adder (D:5)
  A giant gecko (D:5)
  2 orcs (D:5)
7 creatures vanquished.

Grand Total: 106 creatures vanquished

Notes
Turn   | Place    | Note
--------------------------------------------------------------
     0 | D:1      | gp7 the Hill Orc Fighter began the quest for the Orb.
     0 | D:1      | Reached XP level 1. HP: 19/19 MP: 1/1
   322 | D:1      | Reached XP level 2. HP: 24/27 MP: 2/2
   694 | D:1      | Reached skill level 4 in Fighting
   876 | D:1      | Reached XP level 3. HP: 30/33 MP: 3/3
  1307 | D:2      | Found a sacrificial altar of Ru.
  1888 | D:3      | Found a glowing golden altar of the Shining One.
  1890 | D:3      | Noticed an angel
  1903 | D:3      | Found a basalt altar of Yredelemnul.
  1905 | D:3      | Noticed a profane servitor
  2046 | D:3      | Reached XP level 4. HP: 40/40 MP: 4/4
  2388 | D:3      | Reached skill level 1 in Dodging
  2932 | D:4      | Reached XP level 5. HP: 45/47 MP: 5/5
  2967 | D:4      | Found a staircase to the Ecumenical Temple.
  3006 | Temple   | Entered the Ecumenical Temple
  3329 | D:4      | Noticed a giant frog
  3335 | D:4      | Killed a giant frog
  3335 | D:4      | Reached XP level 6. HP: 39/55 MP: 6/6
  3412 | D:4      | Found a sand-covered staircase.
  3457 | D:4      | Noticed a phantom
  3470 | D:4      | Killed a phantom
  3470 | D:4      | Reached skill level 1 in Throwing
  3470 | D:4      | Reached skill level 5 in Shields
  3756 | D:4      | Noticed a phantom
  3796 | D:4      | Killed a phantom
  3796 | D:4      | Reached XP level 7. HP: 37/60 MP: 7/7
  4125 | D:5      | Entered Level 5 of the Dungeon
  4126 | D:5      | Found Gieshritu's Jewellery Emporium.
  4138 | D:5      | Reached skill level 5 in Fighting
  4138 | D:5      | Reached skill level 5 in Armour
  4148 | D:5      | HP: 1/61 [sky beast (5)]
  4156 | D:4      | Reached skill level 5 in Axes
  4160 | D:4      | Gained mutation: Your flesh is heat resistant. [mutagenic meat]
  4525 | D:5      | Noticed Menkaure
  4537 | D:5      | Killed Menkaure
  4769 | D:5      | Found Itweomae's Assorted Antiques.
  4808 | D:5      | Became a worshipper of Beogh the Brigand
  4912 | D:5      | Found a blossoming altar of Fedhas.
  5003 | D:5      | Reached XP level 8. HP: 69/69 MP: 8/8
  5018 | D:5      | Found Lyalul's Distillery.
  5022 | D:5      | Bought 2 potions of curing for 72 gold pieces
  5170 | D:5      | Found a shimmering altar of Xom.
  5197 | D:5      | Noticed Eustachio
  5225 | D:5      | Killed Eustachio
  5264 | D:5      | Found Qado's Book Shoppe.
  5308 | D:5      | Noticed Crazy Yiuf
  5323 | D:5      | Killed Crazy Yiuf
  5507 | D:6      | Reached skill level 6 in Shields
  5857 | D:6      | Engulfed by a cloud of flame

Vault maps used:
D:1:      dpeg_arrival_solitude
D:2:      nicolae_overflow_hidden_temple
D:3:      grunt_temple_overflow_holy_war, first_bread
D:4:      minmay_temple_entry_mist, enter_ossuary_4
D:5:      kennysheep_mini_moat, serial_shops, shop, kennysheep_mini, shop, shop,
          basic_altar, uniq_menkaure, uniq_eustachio, uniq_crazy_yiuf_cottage
D:6:      nicolae_gozag_cash_rules_everything_around_me
Temple:   zaba_magenta_temple_12

Action                   |  1- 3 |  4- 6 |  7- 9 || total
-------------------------+-------+-------+-------++-------
Melee: War axe           |   130 |   173 |   133 ||   436
Throw: Javelin           |       |    12 |    15 ||    27
Invok: Convert to Beogh  |       |       |     1 ||     1
  Use: Potion            |     4 |     4 |     4 ||    12
       Scroll            |     6 |     2 |     3 ||    11
 Stab: Invisible         |       |       |     1 ||     1
  Eat: Bread ration      |     1 |       |     1 ||     2
       Pizza             |     1 |       |       ||     1
       Meat ration       |       |     1 |       ||     1
       Chunk             |       |       |     4 ||     4
       Fruit             |       |       |     2 ||     2
